Map: New Repugnancy LE

Players

PhysicsNoob

  • Race: Zerg Zerg
  • League: Diamond
  • Spawn Location: 1:00

MiliganMRC - Winner!

  • Race: Terran Terran
  • League: Master
  • Spawn Location: 7:00

VOD

Have the link to the VOD?

Description

Time

  • Played on: June 18, 2019, 12:20 a.m.
  • Length: 29:35
Show
View Real Time Build Order
Export as new Build Order

PhysicsNoob Zerg 

Build Orders: Hatch First 

Get SALT Encoding   

  12  0:01  Drone  
  13  0:12  Overlord  
  13  0:17  Drone  
  14  0:31  Drone x2  
  16  0:49  Hatchery  
  15  0:53  Drone  
  15  0:56  Drone  
  17  1:00  Drone  
  18  1:10  Extractor  
  17  1:16  Spawning Pool  
  16  1:18  Drone  
  16  1:22  Drone  
  18  1:28  Drone  
  19  1:39  Drone  
  20  1:49  Overlord  
  20  2:02  Zergling x4  
  20  2:03  Queen x2  
  26  2:13  Drone  
  26  2:14  Drone  
  28  2:18  Metabolic Boost  
  28  2:22  Drone  
  29  2:23  Drone  
  30  2:31  Spore Crawler  
  30  2:33  Drone  
  29  2:45  Drone x2  
  29  2:46  Drone  
  29  2:50  Queen  
  34  3:09  Hatchery  
  33  3:17  Drone x3, Overlord  
  33  3:18  Overlord  
  36  3:20  Overlord  
  36  3:36  Queen  
  36  3:38  Queen  
  40  3:44  Drone x2  
  40  3:45  Drone x3  
  45  3:53  Zergling x2  
  46  3:57  Zergling x2  
  46  4:01  Baneling Nest  
  46  4:11  Spore Crawler  
  46  4:12  Zergling x2  
  46  4:13  Zergling x10  
  51  4:26  Lair  
  51  4:30  Drone x4  
  55  4:38  Queen  
  57  4:46  Spore Crawler  
  57  4:47  Spore Crawler, Baneling x4  
  57  4:51  Drone x6  
  57  4:52  Drone x2  
  63  4:55  Extractor  
  63  4:57  Extractor  
  53  5:20  Zergling x6  
  53  5:21  Zergling x16, Queen  
  62  5:27  Queen  
  63  5:30  Drone x3  
  66  5:36  Infestation Pit  
  66  5:38  Overlord x2  
  66  5:40  Drone  
  65  5:55  Overlord x3  
  65  5:57  Queen  
  67  6:08  Queen, Hydralisk Den  
  67  6:09  Drone x3  
  67  6:11  Drone x2  
  73  6:13  Baneling x4  
  73  6:18  Baneling  
  73  6:31  Drone x6  
  73  6:32  Drone x2  
  77  6:42  Hydralisk x3  
  82  6:48  Drone x4  
  82  6:54  Muscular Augments  
  86  6:56  Baneling  
  86  6:57  Queen  
  88  7:02  Hatchery  
  88  7:05  Hydralisk  
  89  7:10  Overlord x2, Drone x2, Extractor x2  
  89  7:14  Overseer  
  89  7:22  Evolution Chamber  
  88  7:23  Drone  
  88  7:26  Evolution Chamber  
  88  7:27  Drone, Overlord x2  
  88  7:28  Queen  
  88  7:29  Drone x3  
  94  7:31  Drone  
  94  7:32  Drone  
  94  7:33  Drone  
  94  7:34  Drone  
  98  7:49  Hydralisk x6  
  110  7:55  Zerg Missile Weapons Level 1  
  110  8:07  Drone x3  
  110  8:08  Overlord, Extractor  
  110  8:09  Overlord x4  
  112  8:13  Hydralisk x3  
  112  8:15  Baneling  
  112  8:16  Baneling x3  
  118  8:28  Hydralisk x4  
  126  8:36  Grooved Spines  
  126  8:37  Spore Crawler  
  122  8:53  Hydralisk  
  122  8:54  Hydralisk x5  
  115  8:59  Drone x6  
  115  9:02  Spore Crawler  
  118  9:04  Drone x2  
  118  9:05  Drone, Overlord  
  118  9:06  Overlord  
  118  9:09  Zerg Ground Armor Level 1  
  121  9:20  Pathogen Glands  
  115  9:31  Hydralisk  
  115  9:32  Zergling x2  
  115  9:33  Zergling x32  
  132  9:42  Pneumatized Carapace  
  126  9:49  Hydralisk  
  126  9:50  Zergling x2, Hydralisk x4  
  133  9:52  Centrifical Hooks  
  133  9:58  Drone x4  
  137  10:10  Drone x9  
  137  10:11  Drone  
  137  10:13  Overlord  
  147  10:35  Hydralisk x9  
  145  10:38  Drone x2  
  145  10:39  Drone x2  
  148  10:51  Infestor  
  148  10:52  Infestor x2  
  151  11:04  Overlord x2  
  151  11:05  Overlord  
  151  11:06  Overlord  
  151  11:10  Zerg Missile Weapons Level 2  
  151  11:11  Zerg Ground Armor Level 2  
  151  11:18  Hatchery  
  150  11:22  Drone x6  
  150  11:23  Drone x4  
  160  11:25  Extractor x2  
  160  11:29  Spore Crawler  
  157  11:41  Burrow  
  157  11:44  Spine Crawler  
  157  11:46  Spine Crawler  
  146  12:04  Infestor x2  
  146  12:05  Infestor x3  
  155  12:09  Hydralisk  
  155  12:10  Hydralisk  
  155  12:14  Zergling x2  
  155  12:15  Zergling x28  
  162  12:20  Drone x3  
  162  12:21  Drone  
  167  12:31  Drone x3  
  167  12:32  Queen, Drone x3  
  167  12:36  Baneling x2  
  167  12:37  Baneling x7  
  175  12:52  Hydralisk  
  175  12:53  Hydralisk x10  
  195  13:26  Hydralisk  
  183  13:27  Hydralisk x3  
  183  13:29  Overlord x3  
  190  13:35  Hive  
  190  13:37  Neural Parasite  
  190  13:39  Zerg Melee Weapons Level 1  
  190  13:44  Spine Crawler  
  187  13:54  Infestor x4  
  181  13:58  Hydralisk  
  181  13:59  Hydralisk x3  
  181  14:00  Zergling x2  
  181  14:01  Zergling x24  
  200  14:23  Zergling x24  
  200  14:29  Hatchery  
  199  14:31  Baneling  
  199  14:32  Baneling x6  
  199  14:37  Extractor  
  173  15:09  Hydralisk  
  173  15:10  Hydralisk x12  
  197  15:26  Hydralisk  
  193  15:56  Spire  
  166  16:05  Hydralisk  
  166  16:06  Hydralisk x16  
  166  16:09  Spore Crawler  
  166  16:11  Spore Crawler x2  
  198  16:12  Spore Crawler  
  186  16:30  Zergling x8  
  186  16:31  Zergling x24  
  196  16:46  Extractor  
  195  16:50  Spore Crawler  
  195  16:52  Spore Crawler  
  193  16:57  Hydralisk x2  
  193  16:58  Hydralisk  
  199  17:01  Baneling x3  
  199  17:02  Baneling x5  
  199  17:04  Zerg Ground Armor Level 3, Zerg Missile Weapons Level 3  
  199  17:07  Adrenal Glands  
  197  17:13  Infestor  
  183  17:32  Zergling x10  
  183  17:33  Zergling x24  
  200  17:42  Infestor x6  
  200  17:48  Spire  
  199  17:56  Hatchery  
  198  18:00  Infestor  
  198  18:32  Hatchery  
  195  18:36  Infestor x2  
  199  18:49  Zerg Flyer Weapons Level 1  
  199  19:00  Drone  
  171  19:49  Zergling x28  
  171  19:50  Zergling x34  
  171  19:52  Zerg Flyer Armor Level 1  
  200  20:03  Drone, Extractor  
  200  20:05  Extractor  
  190  20:27  Zergling x2, Hydralisk x4  
  190  20:28  Hydralisk x20  
  170  20:39  Infestor x6  
  170  20:40  Infestor x10  
  175  20:49  Spore Crawler  
  168  20:51  Spore Crawler  
  168  20:52  Spore Crawler  
  168  20:53  Spore Crawler  
  168  20:54  Spore Crawler, Corruptor x4  
  168  20:55  Corruptor  
  174  20:57  Zergling x2  
  174  20:58  Zergling x2  
  174  21:03  Drone x3  
  174  21:04  Drone  
  180  21:05  Drone x2  
  180  21:07  Drone  
  132  21:34  Zergling x2  
  132  21:35  Zergling x28  
  132  21:36  Zergling x6  
  134  21:43  Corruptor x3  
  134  21:51  Zergling x2  
  134  21:52  Zergling x12  
  137  22:10  Hatchery  
  132  22:20  Corruptor  
  132  22:21  Corruptor x2  
  120  22:32  Infestor x3  
  122  22:37  Drone x3  
  122  22:43  Zerg Flyer Weapons Level 2  
  120  22:49  Zergling x2  
  120  22:50  Zergling x6  
  119  23:04  Spore Crawler x2  
  117  23:06  Spore Crawler  
  117  23:08  Zergling x2  
  117  23:09  Zergling x10  
  117  23:11  Drone  
  117  23:12  Drone  
  124  23:47  Corruptor x3  
  124  23:48  Corruptor x4  
  129  24:06  Corruptor x5  
  116  24:30  Spine Crawler  
  113  24:31  Drone x3  
  113  24:32  Drone x3  
  113  24:35  Hatchery  
  113  24:36  Drone x6  
  124  24:39  Zergling x2  
  124  24:44  Zergling x2  
  124  24:45  Zergling x6  
  129  25:00  Spore Crawler  
  129  25:01  Spore Crawler x2  
  126  25:10  Spore Crawler x2  
  124  25:14  Drone  
  124  25:15  Drone x6  
  131  25:28  Zerg Melee Weapons Level 2  
  131  25:35  Corruptor  
  131  25:36  Corruptor x3  
  131  25:38  Zergling x2  
  131  25:39  Zergling x2  
  141  25:57  Zergling x2  
  141  25:58  Zergling x30  
  156  26:09  Hydralisk x4  
  156  26:10  Hydralisk  
  164  26:20  Infestor  
  164  26:21  Infestor x4  
  172  26:46  Spine Crawler  
  172  26:47  Spine Crawler x2  
  167  26:48  Spine Crawler  
  167  26:50  Spine Crawler  
  167  26:52  Drone x3  
  167  26:53  Drone x7  
  167  26:58  Baneling x6  
  167  26:59  Baneling x2  
  167  27:06  Hydralisk x6  
  167  27:07  Hydralisk x2  
  183  27:10  Baneling x2  
  183  27:11  Baneling x4  
  183  27:20  Spore Crawler  
  183  27:21  Spore Crawler  
  181  27:24  Spore Crawler  
  162  27:44  Zergling x2  
  162  27:45  Zergling x42  
  162  27:46  Zergling x4  
  186  27:58  Infestor x8  
  186  28:00  Extractor  
  186  28:01  Extractor  
  186  28:02  Drone x3  
  186  28:03  Drone x2  
  186  28:04  Drone  
  190  28:09  Drone x2  
  190  28:10  Drone x3  
  195  28:14  Hatchery  
  195  28:19  Spine Crawler  
  192  28:24  Spine Crawler  
  192  28:26  Spine Crawler  
  187  28:30  Evolution Chamber  
  180  28:48  Spire  
  179  28:57  Spire, Drone x5  
  179  28:58  Drone x6  
  189  29:05  Spore Crawler  
  189  29:06  Spore Crawler x2  
  183  29:10  Spore Crawler  
Show
View Real Time Build Order
Export as new Build Order

MiliganMRC Terran - Winner!

Build Orders: Gas First Reaper Expand, Hellion Banshee 

Get SALT Encoding   

  12  0:00  SCV  
  13  0:12  SCV  
  14  0:17  Supply Depot  
  14  0:25  SCV  
  15  0:33  Refinery  
  15  0:39  SCV  
  16  0:44  Barracks  
  16  0:51  SCV  
  17  1:03  SCV  
  18  1:15  SCV  
  19  1:32  Orbital Command, Reaper  
  20  1:44  Command Center  
  20  1:55  Factory  
  20  1:58  SCV  
  21  2:09  Refinery  
  21  2:10  SCV, Barracks Reactor  
  22  2:20  Supply Depot  
  22  2:22  SCV  
  23  2:42  SCV  
  24  2:48  Starport  
  24  2:53  Hellion x2  
  24  2:54  SCV  
  29  2:59  Orbital Command  
  29  3:01  Barracks Tech Lab  
  29  3:07  SCV  
  30  3:15  Hellion  
  30  3:19  Hellion, SCV  
  35  3:26  SCV  
  36  3:32  Cloaking Field  
  36  3:33  Supply Depot  
  36  3:34  SCV  
  37  3:38  SCV  
  37  3:39  Hellion  
  40  3:41  Hellion  
  42  3:52  Armory  
  42  3:54  Banshee  
  45  3:56  SCV  
  46  4:04  Supply Depot  
  46  4:05  SCV  
  46  4:07  Hellion  
  46  4:08  SCV  
  46  4:09  Hellion  
  52  4:19  SCV, Supply Depot  
  53  4:25  SCV, Supply Depot  
  53  4:28  Hellion  
  56  4:32  Refinery  
  56  4:35  SCV  
  57  4:39  Banshee  
  57  4:42  SCV  
  57  4:43  Terran Vehicle And Ship Armor Level 1  
  57  4:44  Barracks Tech Lab  
  61  4:52  Hellion x2, Supply Depot  
  65  4:55  SCV  
  54  5:25  Viking  
  54  5:27  Factory x2  
  50  5:29  SCV  
  50  5:31  Refinery  
  50  5:34  Barracks Tech Lab  
  47  5:35  SCV  
  47  5:38  Command Center, Cyclone  
  47  5:39  Mag-Field Accelerator  
  51  5:43  SCV  
  51  5:48  SCV  
  53  5:50  Supply Depot  
  53  5:55  SCV  
  55  6:04  SCV  
  55  6:08  SCV, Supply Depot  
  55  6:10  Cyclone  
  59  6:17  Factory x2  
  59  6:22  Hellion, SCV  
  59  6:24  SCV  
  63  6:27  Supply Depot  
  63  6:28  Hellion x2  
  63  6:29  Infernal Pre-Igniter  
  67  6:39  SCV x2  
  69  6:42  Liberator  
  73  6:49  Hellion  
  73  6:51  Cyclone  
  73  6:52  Orbital Command  
  74  6:56  Hellion  
  74  6:58  SCV  
  80  7:07  Supply Depot  
  80  7:09  Supply Depot  
  80  7:10  Hellion  
  80  7:11  Hellion x2  
  80  7:13  Terran Vehicle And Ship Armor Level 2  
  86  7:26  Orbital Command  
  86  7:27  Hellion, Cyclone  
  86  7:28  Command Center  
  93  7:37  Hellion  
  93  7:38  Hellion  
  93  7:41  Refinery  
  93  7:42  Armory  
  93  7:44  SCV, Refinery  
  95  7:47  Hellion  
  95  7:53  SCV x2  
  95  7:56  SCV  
  95  7:58  Hellion  
  100  7:59  Factory Reactor  
  100  8:05  SCV  
  101  8:07  Hellion, Cyclone  
  101  8:08  Hellion, Cyclone  
  111  8:17  SCV x2  
  113  8:20  Hellion  
  113  8:22  Command Center  
  113  8:25  SCV  
  116  8:29  SCV  
  116  8:30  SCV  
  118  8:37  SCV  
  118  8:38  Hellion  
  121  8:41  SCV  
  121  8:42  SCV x2  
  121  8:44  Hellion  
  121  8:47  Hellion, Cyclone  
  131  8:49  SCV  
  131  8:53  SCV  
  131  8:54  SCV  
  131  8:55  Hellion, Cyclone  
  124  9:01  SCV  
  124  9:02  Hellion, Cyclone  
  131  9:05  SCV  
  131  9:12  Hellion  
  131  9:13  Hellion  
  135  9:20  Engineering Bay  
  135  9:23  SCV  
  136  9:25  Command Center  
  136  9:27  Terran Vehicle Weapons Level 1  
  136  9:30  Hellion x3  
  136  9:31  Hellion  
  142  9:34  Cyclone  
  142  9:36  Terran Vehicle And Ship Armor Level 3  
  141  9:43  Hellion  
  143  9:50  Planetary Fortress  
  143  9:51  Cyclone  
  146  9:54  Orbital Command  
  146  10:03  Hellion, Cyclone  
  146  10:06  Sensor Tower  
  151  10:08  SCV  
  151  10:09  Hellion  
  151  10:10  Barracks Tech Lab  
  151  10:12  Sensor Tower, Refinery  
  154  10:14  Refinery  
  154  10:19  Hellion, Cyclone  
  159  10:30  Supply Depot  
  146  10:36  Hellion, Cyclone x2  
  152  10:44  Hellion  
  154  10:51  Hellion, Cyclone  
  154  10:54  Hellion  
  158  10:59  Factory  
  158  11:00  Hellion  
  158  11:01  Factory  
  160  11:08  Cyclone x2  
  166  11:17  Hellion  
  168  11:19  Planetary Fortress  
  168  11:23  Cyclone  
  168  11:25  Hellion  
  173  11:29  Terran Vehicle Weapons Level 2  
  173  11:30  Sensor Tower, Missile Turret  
  173  11:32  Missile Turret  
  173  11:33  Command Center  
  173  11:37  Hellion  
  175  11:40  Cyclone  
  178  11:51  Factory Tech Lab  
  178  11:52  Factory Tech Lab  
  178  11:57  Hellion, Cyclone  
  176  12:08  Hellion, Cyclone  
  178  12:10  Refinery x2  
  178  12:13  Hellion, Cyclone x2  
  178  12:14  Factory  
  176  12:20  Starport  
  176  12:21  Hellion, Factory, Cyclone  
  176  12:22  Starport  
  181  12:27  Command Center  
  181  12:28  Command Center  
  177  12:33  Hellion, Cyclone  
  177  12:36  SCV x3  
  185  12:42  Terran Ship Weapons Level 1  
  185  12:47  Hellion  
  185  12:50  Orbital Command  
  187  13:07  Factory Tech Lab  
  187  13:08  Starport Tech Lab  
  187  13:10  Starport Tech Lab x2  
  187  13:13  Fusion Core  
  187  13:17  Starport  
  161  13:29  Factory Tech Lab  
  159  13:46  Starport x2  
  129  14:00  Starport Tech Lab  
  129  14:01  Weapon Refit, Battlecruiser  
  129  14:02  Battlecruiser x2  
  144  14:07  Starport x2  
  144  14:18  Command Center x2  
  144  14:23  Battlecruiser  
  143  14:25  Starport Tech Lab  
  143  14:26  Starport Tech Lab  
  143  14:30  Orbital Command  
  143  14:32  Planetary Fortress  
  143  14:42  Terran Ship Weapons Level 2  
  143  14:52  Battlecruiser  
  123  15:05  Banshee  
  123  15:06  Banshee, Battlecruiser  
  119  15:10  Neosteel Armor  
  117  15:15  Hellion, Cyclone  
  117  15:17  Hellion  
  114  15:27  Command Center  
  112  15:28  Command Center  
  112  15:32  Hellion  
  112  15:34  Siege Tank  
  112  15:35  Siege Tank  
  117  15:43  Battlecruiser  
  125  15:50  Battlecruiser  
  108  16:01  Battlecruiser  
  103  16:09  Siege Tank  
  103  16:11  Siege Tank  
  104  16:28  Siege Tank  
  104  16:32  SCV x2  
  109  16:37  SCV x2  
  111  16:44  SCV  
  111  16:45  SCV  
  113  16:49  SCV  
  114  16:55  Orbital Command  
  114  16:58  Terran Vehicle Weapons Level 3  
  114  17:09  Battlecruiser  
  120  17:28  Siege Tank  
  120  17:29  Siege Tank  
  126  17:31  Siege Tank  
  126  17:32  SCV  
  130  17:38  Siege Tank  
  133  17:44  SCV  
  133  17:45  SCV x3  
  133  17:50  Siege Tank  
  140  17:53  SCV  
  140  17:56  SCV  
  140  17:57  SCV  
  143  18:02  Siege Tank  
  146  18:08  Siege Tank  
  146  18:10  Factory Tech Lab  
  149  18:26  Command Center  
  149  18:29  Battlecruiser x2  
  149  18:32  Siege Tank  
  158  18:46  Siege Tank  
  161  18:49  Refinery  
  161  18:51  Refinery  
  161  18:52  Command Center  
  161  18:57  Battlecruiser  
  167  19:06  Sensor Tower  
  167  19:20  Siege Tank  
  167  19:24  Orbital Command  
  170  19:27  Battlecruiser  
  154  19:31  Siege Tank x2  
  154  19:33  Siege Tank  
  155  19:40  Missile Turret  
  155  19:51  SCV x2  
  156  19:54  Siege Tank  
  156  19:55  Command Center  
  156  19:58  SCV x3  
  162  20:10  Siege Tank x2  
  162  20:11  Orbital Command  
  157  20:29  Siege Tank  
  142  20:38  SCV  
  137  20:43  SCV x2  
  137  20:48  Siege Tank x2  
  145  20:54  Orbital Command  
  145  21:00  Refinery, Siege Tank x2  
  151  21:05  SCV x2  
  151  21:06  SCV  
  151  21:07  Command Center  
  151  21:10  Siege Tank  
  151  21:29  Battlecruiser  
  117  21:50  Siege Tank  
  119  21:56  Siege Tank x2  
  125  22:09  Hellion x2, Cyclone x2  
  125  22:11  Hellion x2  
  115  22:38  SCV, Planetary Fortress  
  110  22:50  SCV x2  
  112  22:57  SCV x2  
  114  22:59  SCV x2  
  114  23:00  SCV  
  114  23:02  SCV x2  
  119  23:09  SCV  
  126  23:27  Refinery  
  126  23:28  Refinery  
  126  23:45  Battlecruiser  
  126  23:46  Battlecruiser  
  120  23:57  Battlecruiser  
  126  24:08  Hellion, Command Center  
  126  24:09  Command Center  
  122  24:13  Battlecruiser  
  126  24:28  Hellion x2  
  120  24:34  Battlecruiser  
  120  24:37  Planetary Fortress  
  124  24:42  SCV  
  124  24:43  SCV  
  126  24:49  Missile Turret  
  126  24:51  Missile Turret x2  
  126  24:52  Missile Turret  
  126  24:53  Hellion  
  126  24:54  Hellion, SCV x2  
  126  24:55  SCV x3  
  126  24:56  SCV  
  126  24:58  Hellion, Cyclone  
  141  25:10  Battlecruiser  
  147  25:14  Missile Turret  
  147  25:18  Sensor Tower  
  147  25:20  Refinery, Missile Turret  
  147  25:21  Refinery  
  147  25:25  Orbital Command x2  
  147  25:34  Hellion x2  
  147  25:35  Hellion  
  153  25:37  Battlecruiser  
  159  25:50  Command Center  
  159  25:54  Battlecruiser  
  159  25:56  Battlecruiser  
  171  26:03  Battlecruiser  
  177  26:14  Missile Turret  
  177  26:24  Battlecruiser  
  175  26:26  Hellion x2  
  175  26:30  Hellion  
  175  26:31  Hellion  
  181  26:36  Command Center  
  179  26:40  Siege Tank  
  179  26:41  Command Center  
  179  26:42  Hellion  
  182  26:47  Smart Servos  
  180  26:56  Battlecruiser  
  180  26:57  Terran Ship Weapons Level 3  
  184  27:05  Hellion x2  
  188  27:11  Siege Tank  
  191  27:27  Missile Turret  
  191  27:29  SCV  
  192  27:33  Missile Turret, Battlecruiser  
  192  27:34  Hellion x2  
  192  27:35  Refinery  
  192  27:36  Refinery  
  188  27:44  Siege Tank x2  
  188  27:50  Planetary Fortress  
  194  27:52  Missile Turret  
  194  27:55  SCV  
  194  27:57  SCV, Missile Turret  
  194  27:58  Missile Turret  
  196  28:00  Missile Turret  
  196  28:04  Hellion x2  
  194  28:30  Battlecruiser  
  200  28:57  Missile Turret  
  200  28:58  Missile Turret  
  200  29:11  Command Center  
  192  29:20  Missile Turret  
  192  29:22  Missile Turret  
Tags
 
Add a new tag
Caveats
  • Supply blocks, unpowered buildings, or Contaminate may cause inaccurate times.
  • Supply counts are checked every 10 seconds.